woodfighter, neutral female human Tourist ---------------- mm +..<%........%..## |..............| # S S |..............+#`## @ | -------.--- S -+--------------#### |....... .......s@.+ S S S ## + |...B..).f| # ## ..d.$..>...#S########################%## ----------- # G S d x l x woodfighter the Sightseer Experience level: 5 Strength: 11 Dexterity: 14 Constitution: 15 Intelligence: 10 Wisdom: 14 Charisma: 16 Health: 0(36) Energy: 31(31) Def: 4 Gold: 1226 Moves: 2866 Dungeon seed: wqm8_1Fx4r-JxCaV Game ID: woodfighter_1529093360 Your Inventory: Coins $ - 1226 gold pieces Weapons a - 45 +2 darts (in quiver) Armor e - an uncursed +0 Hawaiian shirt (being worn) q - an uncursed +0 orcish helm (being worn) J - an uncursed +0 cloak of invisibility (being worn) Y - an uncursed +0 pair of high boots (being worn) Comestibles b - 8 uncursed food rations c - 5 uncursed tripe rations f - an uncursed orange P - an uncursed fortune cookie V - an uncursed egg Scrolls j - 4 uncursed scrolls of magic mapping l - an uncursed scroll of teleportation s - 3 uncursed scrolls of scare monster z - an uncursed scroll of destroy armor F - an uncursed scroll of light I - an uncursed scroll of enchant armor Potions d - an uncursed potion of healing h - an uncursed potion of extra healing i - a blessed potion of extra healing r - an uncursed potion of polymorph t - a blessed potion of oil v - 2 uncursed potions of sickness B - a blessed potion of see invisible D - a cursed potion of gain level U - an uncursed potion of booze Z - an uncursed potion of enlightenment Rings o - an uncursed ring of free action S - an uncursed ring of sustain ability Wands m - a wand of secret door detection (0:14) u - a wand of enlightenment (0:12) E - a wand of enlightenment (0:14) N - a wand of enlightenment (0:12) Q - a wand of light (0:15) Tools k - an expensive camera (0:82) n - an uncursed leash y - an uncursed credit card Spells and supernatural/magical abilities: Name Level Category Fail Memory W - pray for help -- divine ? -- Your skills at the end: Miscellaneous Skills wands [Basic] Weapon Skills dart [Basic] Spellcasting Skills Final Attributes: You were devoutly aligned. You were blinded. Your writing hand was ok. You were telepathic. You were invisible. You were somewhat stealthy. You are dead. Vanquished creatures: a snake a fog cloud a puppy 3 floating eyes 3 homunculi a kobold lord a rabid rat 2 jitterbugs a giant bat 2 dwarf zombies a wererat a coyote a hobbit 3 geckos a hobgoblin 12 giant rats a brown mold a yellow mold 3 garter snakes a gnome zombie 5 jackals 2 foxes 5 newts a goblin 7 sewer rats 6 lichens a kobold zombie 68 creatures vanquished. Voluntary challenges: You did not cause conflict. You did not have reflection. You were not displaced. You never hit with a wielded weapon. You did not apply a unicorn horn. You did not use plumbed fixtures. You did not drink any magical draughts. You read items or engraved 1 time, starting on turn 779. You never genocided any monsters. You never polymorphed an object. You never changed form. You used no wishes. You never split a pudding. You never wrote Elbereth's name. You never violated your personal moral code. Dungeon overview: The Dungeons of Doom: levels 1 to 7 Level 1 some fountains a long staircase Level 2 (vault) some altars to Blind Io, some fountains Level 3 (water) a general store, some fountains Level 4 a sink stairs to The Gnomish Mines Level 5 Level 6 a fountain Level 7 <- You were here The Gnomish Mines: Level 5 stairs to The Dungeons of Doom History has recorded: On T:1 you entered the Dungeons of Doom to retrieve the Amulet of Yendor! On T:128 you reached level 2 of The Dungeons of Doom. On T:774 you advanced to experience level 2. On T:783 you reached level 3 of The Dungeons of Doom. On T:834 you reached level 4 of The Dungeons of Doom. On T:1006 you advanced to experience level 3. On T:1035 you reached level 1 of The Gnomish Mines. On T:1579 you reached level 5 of The Dungeons of Doom. On T:1763 you advanced to experience level 4. On T:2134 you reached level 6 of The Dungeons of Doom. On T:2486 you advanced to experience level 5. On T:2745 you reached level 7 of The Dungeons of Doom. On T:2836 you prayed to The Lady. Score breakdown: Gold: 692 ( 69 points) Experience: 5 levels ( 400 points) Exploration: 7 levels ( 180 points) Discoveries: 21 items ( 1050 points) Variety of kills: 27 monsters ( 1350 points) Major goal: (nothing yet) ( 0 points) Survival: died (score multiplied by 3) Total score: 9147 Latest messages: The dart hits the raven! The raven bumps right into you! The dart hits the raven! The raven pecks! The raven blinds you! The raven pecks! The giant spider bumps right into you! The dart hits the giant spider. The giant spider bites! The giant spider moves its spinnerets around you. The web sticks you to the floor. The giant spider just misses! The giant spider moves its spinnerets around you. The dart hits the giant spider! The giant spider bites! The giant spider moves its spinnerets around you. The dart hits the giant spider. The giant spider bites! The giant spider just misses! The giant spider bites! The giant spider moves its spinnerets around you. The giant spider bites! You die... Final status: Aloha woodfighter the Tourist, killed by a giant spider... You died in The Dungeons of Doom on dungeon level 7 with 9147 points, and 1226 pieces of gold, after 2866 moves. You were level 5 with a maximum of 36 hit points when you died.